[Event "*** Titled Tuesday Blitz"]
[Site "Chess.com"]
[Date "2018.11.06"]
[Round "7"]
[White "xamax2000"]
[Black "Chessialist"]
[Result "1/2-1/2"]
[WhiteElo "2490"]
[BlackElo "2514"]
[TimeControl "180+2"]
[EndTime "14:39:16 PST"]
[Termination "Game drawn - insufficient material"]

1. e4 c5 2. Nf3 Nc6 3. d4 cxd4 4. Nxd4 Qb6 5. Nb3 Nf6 6. Nc3 e6 7. a3 a6 8. Bf4 Na5 9. Nxa5 Qxa5 10. Bd6 Bxd6 11. Qxd6 Nxe4 12. Qd4 Nxc3 13. Qxg7 Rf8 14. bxc3 d6 15. Bd3 Bd7 16. O-O O-O-O 17. Be4 f5 18. Bf3 Qe5 19. Qh6 Qxc3 20. Rab1 d5 21. Rb3 Qf6 22. Qe3 Bc6 23. Qa7 Rf7 24. Rfb1 Rc7 25.
c4 Qe5 26. cxd5 Bxd5 27. Re3 Qb2 28. Rbe1 Bxf3 29. Rxf3 Rd6 30. Qa8+ Kd7 31. Rh3 Kc6 32. Qe8+ Kb6 33. Rhe3 Ka7 34. Rxe6 Qxa3 35. R6e3 Rd3 36. h3 Rxe3 37. Rxe3 Qd6 38. Re1 f4 39. f3 Rc2 40.
Qg8 Qd2 41. Rb1 a5 42. Qg7 Rc1+ 43. Rxc1 Qxc1+ 44. Kh2 Qe3 45. Qxh7 a4 46. Qc2 b5 47.
Qc7+ Ka6 48. Qc8+ Ka5 49. h4 a3 50. h5 Qe5 51. Qa8+ Kb4 52. Qf8+ Kb3 53. h6 a2 54.
Qf7+ Kb2 55. Qg7 Qxg7 56. hxg7 a1=Q 57. g8=Q Qc1 58. Qg5 Qc4 59. Qe5+ Ka2 60. g4 fxg3+ 61. Kxg3 b4 62. Qa5+ Kb1 63. Qf5+ Ka2 64. Qa5+ Kb2 65. Qe5+ Qc3 66. Qe2+ Qc2 67. Qe5+ Kb3 68. f4 Qc3+ 69.
Kg4 Qxe5 70. fxe5 Kc2 71. e6 b3 72. e7 b2 73. e8=Q b1=Q 74. Qc6+ Kd1 75. Qh1+ Kc2 76.
Qe4+ Kb2 77. Qxb1+ Kxb1 1/2-1/2

[Event "*** Titled Tuesday Blitz"]
[Site "Chess.com"]
[Date "2018.11.06"]
[Round "7"]
[White "maximlavrov"]
[Black "TigranLPetrosyan"]
[Result "1-0"]
[WhiteElo "2623"]
[BlackElo "2811"]
[TimeControl "180+2"]
[EndTime "14:39:56 PST"]
[Termination "maximlavrov won by resignation"]

1. Nf3 g6 2. g3 Bg7 3. Bg2 e5 4. O-O d5 5. c4 Ne7 6. cxd5 Nxd5 7. Nc3 Ne7 8. d3 Nbc6 9. a3 a5 10. Bd2 O-O 11. Rc1 h6 12. Na4 Qd6 13. Qc2 Bg4 14. h3 Be6 15. Nc5 Bc8 16. Ne4 Qd8 17.
b4 axb4 18. axb4 Nf5 19. e3 Nd6 20. Nxd6 cxd6 21. b5 Ne7 22. d4 Be6 23. dxe5 dxe5 24. Rfd1 Qb6 25. Qb1 Rfd8 26. e4 Kh7 27. Be3 Rxd1+ 28.
Rxd1 Qa5 29. Bf1 Nc8 30. Nd2 Nb6 31. Nb3 Qa3 32. Bxb6 Qxb3 33. Qxb3 Bxb3 34. Rd7 Ra4 35. Rxb7 Rxe4 36. Bg2 Re1+ 37. Kh2 e4 38. Be3 Bd5 39. Rd7 Be6 40. Ra7 Rb1 41. b6 Bd5 42. Rd7 Be6 43. Rc7 Rb4 44. h4 Be5 45. Rc5 Bb8 46. Ra5 Bd6 47. Bh3 Bxh3 48. Kxh3 Kg7 49. h5 Kf6 50.
hxg6 fxg6 51. g4 g5 52. Rf5+ Ke6 53. Kg2 Be5 54. Rf8 Rb2 55. Re8+ Kd5 56. Rd8+ Ke6 57. Rd2 Rb5 58. Rd1 Bf4 59. Rh1 Rb2 60. Rxh6+ Kd5 61.
Kf1 Bxe3 62. fxe3 Kc4 63. Rd6 Kc3 64. Ke1 Kc4 65. Rd4+ Kc3 66. Rxe4 Kd3 67. Re6 Rb4 68. Kf2 Rxg4 69. b7 Rb4 70. Re7 Rb1 71. Kf3 Kc4 72. Kg4 Kd5 73. Kxg5 Kd6 74. Rh7 Ke5 75. Kg4 Rb4+ 76.
Kf3 Rb3 77. Ke2 Ke4 78. Re7+ Kd5 79. Kd2 Kc6 80. Kc2 Rxb7 81. Rxb7 Kxb7 82. Kd3 Kc7 83. Ke4 Kd6 84. Kf5 Ke7 85. Ke5 Kd7 86. Kf6 Kd6 87. e4 Kd7 88. e5 Kd8 89. Kf7 1-0

[Event "*** Titled Tuesday Blitz"]
[Site "Chess.com"]
[Date "2018.11.06"]
[Round "7"]
[White "colegiodemadrid"]
[Black "GMSrinath"]
[Result "0-1"]
[WhiteElo "2232"]
[BlackElo "2807"]
[TimeControl "180+2"]
[EndTime "14:39:56 PST"]
[Termination "GMSrinath won by resignation"]

1. e4 c5 2. Nf3 d6 3. d4 cxd4 4.
Nxd4 Nf6 5. Nc3 Nc6 6. Bg5 e6 7. Qd2 a6 8. O-O-O Be7 9. f3 O-O 10.
h4 Nxd4 11. Qxd4 b5 12. Qd2 Bb7 13. Bd3 Rc8 14. Ne2 Re8 15. g4 Nd7 16. Bxe7 Rxe7 17. g5 Qc7 18. Kb1 Ne5 19. f4 Nc4 20. Bxc4 Qxc4 21. Nc3 Rd7 22. Rhe1 b4 23. Na4 Bxe4 24. Nb6 Qxc2+ 25. Ka1 Qxd2 26. Rxd2 Rdc7 27. Nxc8 Rxc8 28.
Rxd6 g6 29. Rxa6 Bd5 30. Rb6 Rc4 31. Rf1 Kg7 32. b3 Rd4 33. Rb8 Be4 34. Rc8 Bd5 35. Rc2 h6 36. Kb2 Be4 37. Rcf2 Bf5 38. Rc1 hxg5 39.
hxg5 e5 40. fxe5 Be6 41. Rg1 Re4 42. a3 Re3 43. axb4 Rxb3+ 44. Kc2 Rxb4 45. Re2 Kf8 46. Re3 Ke7 47. Kc3 Rc4+ 48. Kd3 Rh4 49. Ra1 Rg4 50.
Ra7+ Kf8 51. Ra8+ Kg7 52. Rh3 Rxg5 53. Re3 Rg4 54. Ke2 Rb4 55. Ra7 g5 56. Kf2 Kg6 57. Kg3 Rg4+ 58. Kf2 Rb4 59. Raa3 Kf5 60. Kg3 Rg4+ 61.
Kf2 Bd5 62. Ra6 Be6 63. Ra5 Rb4 64. Rf3+ Ke4 65. Re3+ Kd4 66. Re1 g4 67. Kg3 Rb3+ 68.
Kf4 Rf3+ 69. Kg5 g3 70. Rg1 Ke3 71. Ra3+ Kf2 72. Rxf3+ Kxf3 73. Kh4 g2 74. Rb1 Bf5 75. Ra1 Be6 76. Rb1 Ba2 77. Ra1 Bc4 78. Rb1 Bf1 79.
Rb3+ Kf2 80. Rb2+ Be2 81. Rb1 g1=Q 82. Rxg1 Kxg1 83. Kg5 Bc4 84. Kf6 Be6 0-1

[Event "*** Titled Tuesday Blitz"]
[Site "Chess.com"]
[Date "2018.11.06"]
[Round "7"]
[White "kuli4ik"]
[Black "GadimbayliA"]
[Result "1-0"]
[WhiteElo "2798"]
[BlackElo "2660"]
[TimeControl "180+2"]
[EndTime "14:40:09 PST"]
[Termination "kuli4ik won by resignation"]

1. Nf3 Nf6 2. g3 b6 3. Bg2 Bb7 4. O-O e6 5. d3 d5 6. c4 Be7 7.
cxd5 exd5 8. Qa4+ Qd7 9. Qc2 O-O 10. Nc3 c5 11. d4 Nc6 12. Rd1 cxd4 13. Nxd4 Nxd4 14.
Rxd4 Bc5 15. Rh4 d4 16. Bg5 d3 17. Qxd3 Qxd3 18. exd3 Bxg2 19. Kxg2 Nd7 20. d4 Bd6 21. Nb5 Bb8 22. Re4 f6 23. Bd2 a6 24. Nc3 Rd8 25. Re6 Kf7 26. Rc6 Nf8 27. Rxb6 Rxd4 28. Be3 Rd7 29. Ne4 Re7 30. Rb4 Be5 31. Rd1 Rc8 32.
Nd6+ Bxd6 33. Rxd6 Rc2 34. Kf3 Ng6 35. Rd2 Ne5+ 36.
Ke2 Rc6 37. b3 Rc1 38. Ra4 Re6 39. h3 g5 40. Rad4 Rh1 41. h4 g4 42. Rd1 Rxd1 43. Kxd1 h5 44. Rb4 Rd6+ 45. Ke2 Rc6 46. a4 Ke6 47.
Rb6 Kd5 48. Rxc6 Nxc6 49. Kd3 Nb4+ 50. Kc3 Na2+ 51. Kd2 Nb4 52. Bh6 Ke4 53. Kc3 Nd3 54. Be3 Ne5 55. Bd4 Nd3 56. Kc4 f5 57. a5 f4 58.
gxf4 Nxf4 59. b4 Nd5 60. Bc5 Nc7 61. Bd6 Nb5 62. Bg3 Na3+ 63. Kc5 Nb5 64. Kb6 Kd5 65. Kxa6 Kc6 66. Bh2 Na3 67. Ka7 Nc2 68. Kb8 Nxb4 69. Kc8 Kb5 70. Kd7 Kxa5 71. Ke6 Kb5 72. Kf5 Kc6 73.
Kg6 Kd7 74. Kxh5 Nd3 75. Bg3 Ke6 76. Kxg4 Kf6 77. h5 Kg7 78. Kf5 Kh6 79. Kg4 Nb4 80. Bf4+ Kh7 81. Bd2 Nd5 82. Bg5 Kg7 83. Kf5 Kh7 84.
f4 Ne3+ 85. Ke6 Nf1 86. f5 Ng3 87. f6 Ne4 88. Be3 Nxf6 89. Kxf6 1-0

[Event "*** Titled Tuesday Blitz"]
[Site "Chess.com"]
[Date "2018.11.06"]
[Round "7"]
[White "PowerThinking2650"]
[Black "IvanRadivojevic"]
[Result "1/2-1/2"]
[WhiteElo "2307"]
[BlackElo "2401"]
[TimeControl "180+2"]
[EndTime "14:40:10 PST"]
[Termination "Game drawn by agreement"]

1. e4 c6 2. d4 d5 3. Nc3 dxe4 4. Nxe4 Nf6 5. Nxf6+ gxf6 6. c3 Bf5 7. Nf3 e6 8.
g3 Bg7 9. Bg2 O-O 10. O-O Nd7 11.
Re1 Qc7 12. Nh4 Bg6 13. f4 f5 14. a4 Rad8 15. Qf3 Rfe8 16. a5 a6 17. b4 Nf6 18.
Nxg6 hxg6 19. Bd2 Ne4 20. Rad1 Nxd2 21. Rxd2 Bf6 22. Rde2 Kg7 23. h4 Qd6 24. Re3 Qd5 25. Qd1 Qc4 26. Bf1 Qd5 27. Bg2 Qd6 28. Qb3 Re7 29.
Bf1 Rde8 30. Bc4 Rh8 31. R1e2 Ree8 32. Rf2 Rh6 33. Kf1 Bd8 34. Ke2 Rhh8 35. Kd3 Bf6 36. Kc2 Rc8 37. Rfe2 Rhe8 38. Kb2 Re7 39. Ka2 Qb8 40. Rh2 b6 41. axb6 Qxb6 42. Qa4 a5 43. bxa5 Qa7 44. Rb2 c5 45. d5 exd5 46. Rxe7 Qxe7 47.
Bxd5 Bxc3 48. Rc2 Qe1 49. a6 Qa1+ 50. Kb3 c4+ 51. Bxc4 Rb8+ 52. Bb5 Rxb5+ 53. Qxb5 Qb1+ 54. Kc4 Qxc2 55. Qb3 Qxb3+ 56. Kxb3 Bd4 57. Kc4 Bf2 58. Kd5 Kf6 59. Kd6 Ba7 60. Kd7 Bc5 61. Ke8 Ke6 62. Kd8 Ba7 63. Ke8 Bc5 64. Kd8 Bb6+ 65. Ke8 Kf6 66.
Kf8 Bc5+ 67. Kg8 Ke6 68. Kg7 Ba7 69. h5 gxh5 70. Kh6 Kd5 71. Kxh5 Ke4 72. Kg5 Bc5 73. Kf6 Bd4+ 74. Kxf7 Kf3 75. Ke6 Kg4 76. Kd5 Ba7 77. Ke6 Bf2 78. Kf6 Bb6 79. Ke6 Ba7 80. Kf6 1/2-1/2

[Event "*** Titled Tuesday Blitz"]
[Site "Chess.com"]
[Date "2018.11.06"]
[Round "7"]
[White "Jospem"]
[Black "iturrizaga"]
[Result "0-1"]
[WhiteElo "2805"]
[BlackElo "2811"]
[TimeControl "180+2"]
[EndTime "14:42:24 PST"]
[Termination "iturrizaga won by resignation"]

1. e4 c5 2. Nf3 g6 3. d4 cxd4 4. Nxd4 Nc6 5. Ne2 Bg7 6. Nbc3 Rb8 7. g3 b5 8. Bg2 b4 9. Nd5 d6 10. O-O Nf6 11. a3 a5 12. axb4 axb4 13. Bg5 Nd7 14. b3 h6 15. Be3 e6 16. Ndf4 Nde5 17. Kh1 Ng4 18. Bd2 O-O 19. Ra4 Qb6 20. Nd3 Ba6 21.
Nef4 Nge5 22. Be3 Qb7 23. Re1 Bb5 24. Ra2 Rfd8 25. Qd2 Ng4 26. Nxb4 Nxe3 27. Rxe3 Ne5 28. Nbd3 Ng4 29. Re1 Bc6 30. Qe2 Nf6 31. f3 Nd7 32. h4 Rdc8 33. Qf2 Ra8 34. Rxa8 Rxa8 35. Qd2 Qc7 36.
Rd1 Bb7 37. c4 Ra3 38. Qb4 Ra2 39. Nc1 Ra6 40. Qd2 Ne5 41. Nce2 Rb6 42. Nd4 Ba6 43.
Nfe2 Nd7 44. Qa5 Qc5 45. Qa2 Bb7 46. Qa4 Ne5 47. Qe8+ Kh7 48. h5 gxh5 49. Nf4 Qc8 50. Qxc8 Bxc8 51. Nxh5 Bh8 52. Nf4 Bd7 53. Nfe2 Ng6 54.
Ra1 e5 55. Nb5 Bxb5 56. cxb5 Rxb5 57. Rb1 Ne7 58. Nc3 Rb4 59. Bf1 f5 60. Bd3 fxe4 61. fxe4 Bf6 62. Na2 Rb6 63. b4 Bg5 64. b5 Be3 65. Nb4 Bc5 66. Na6 Bd4 67. Rc1 Kg7 68. Rc7 Kf6 69. Nb4 Bc5 70. Na6 Bd4 71.
Kg2 d5 72. exd5 Nxd5 73. Rc6+ Rxc6 74. bxc6 Bb6 75. Be4 Ne7 76. c7 Ke6 77. Bf3 Kd6 78. c8=Q Nxc8 79. Nb4 Ne7 80. Nd3 Bd4 81. Be4 Ke6 82.
Ne1 Kf6 83. Nf3 Nc8 84. Nh4 Nd6 85. Ba8 Bc3 86. Kf3 Be1 87. Ng2 Bd2 88. Ke2 Bg5 89. Kf3 Kf5 90. g4+ Ke6 91. Ne1 Bd8 92. Nd3 Bb6 93. Bc6 Bd4 94. Nb4 Kf6 95. Nd5+ Kg5 96. Nc7 Kh4 97. Ne8 Nf7 98. Nf6 Ng5+ 99. Kg2 Ne6 100.
Ba8 Kg5 101. Ng8 Nc5 102. Kf3 Bb2 103. Ne7 Ne6 104. Nf5 h5 105. Ne3 h4 106. Kg2 Nf4+ 107. Kf3 Ne6 108. Kf2 Bd4 109. Kf3 Bxe3 110. Kxe3 Nc5 111. Bf3 h3 112. Kf2 Kf4 113. g5 Nd3+ 114. Ke2 e4 115. g6 exf3+ 116. Kxd3 f2 117. Ke2 h2 118. g7 f1=Q+ 119. Kxf1 h1=Q+ 120.
Ke2 Qg2+ 0-1

[Event "*** Titled Tuesday Blitz"]
[Site "Chess.com"]
[Date "2018.11.06"]
[Round "8"]
[White "RegZryt"]
[Black "dretch"]
[Result "0-1"]
[WhiteElo "2524"]
[BlackElo "2779"]
[TimeControl "180+2"]
[EndTime "14:45:43 PST"]
[Termination "dretch won by resignation"]

1. d4 d5 2. c4 c6 3. Nf3 Nf6 4.
e3 Bf5 5. Nc3 e6 6. Nh4 Bg6 7.
Nxg6 hxg6 8. Qb3 Qb6 9. Bd2 Nbd7 10. Rc1 Be7 11. Bd3 dxc4 12. Bxc4 Qxb3 13. Bxb3 O-O-O 14. f3 Kb8 15. e4 Nh5 16. Kf2 Nc5 17. g4 Nd3+ 18. Kf1 Ng3+ 19. hxg3 Rxh1+ 0-1

[Event "*** Titled Tuesday Blitz"]
[Site "Chess.com"]
[Date "2018.11.06"]
[Round "8"]
[White "51616516516"]
[Black "Manukyan_Artak"]
[Result "1/2-1/2"]
[WhiteElo "2267"]
[BlackElo "2435"]
[TimeControl "180+2"]
[EndTime "14:46:09 PST"]
[Termination "Game drawn by repetition"]

1. d4 Nf6 2. c4 e6 3. Nc3 Bb4 4.
Qc2 d5 5. cxd5 exd5 6. Bg5 h6 7. Bxf6 Qxf6 8. a3 Bxc3+ 9. Qxc3 c6 10. Nf3 O-O 11.
e3 Bg4 12. Be2 Nd7 13. h3 Bxf3 14. Bxf3 a5 15. O-O a4 16. b4 axb3 17. Qxb3 b5 18.
a4 bxa4 19. Rxa4 Rxa4 20. Qxa4 Nb6 21. Qb4 Nc4 22. Be2 Nd6 23. Rc1 Ne4 24. Bf3 Ng5 25. Be2 Ne4 26. Bf3 Ng5 27. Be2 Ne4 28. Bf3 1/2-1/2

[Event "*** Titled Tuesday Blitz"]
[Site "Chess.com"]
[Date "2018.11.06"]
[Round "8"]
[White "GianmarcoVaR"]
[Black "Keaton87"]
[Result "1-0"]
[WhiteElo "2558"]
[BlackElo "2475"]
[TimeControl "180+2"]
[EndTime "14:46:14 PST"]
[Termination "GianmarcoVaR won by resignation"]

1. d4 Nf6 2. c4 e6 3. g3 d5 4.
Bg2 c5 5. Nf3 Nc6 6. O-O dxc4 7.
Qa4 cxd4 8. Nxd4 Bd7 9. Qxc4 Nxd4 10. Qxd4 Bc6 11. Qxd8+ Kxd8 12. Bxc6 bxc6 13. b3 a5 14. Rd1+ Kc8 15. Nd2 a4 16. Nc4 Kb7 17. Rb1 a3 18. b4 Nd5 19. Bxa3 Nc3 20. Rd7+ Kc8 21. Nb6+ Kb8 22. Rb3 1-0

[Event "*** Titled Tuesday Blitz"]
[Site "Chess.com"]
[Date "2018.11.06"]
[Round "8"]
[White "GadimbayliA"]
[Black "kleinebeer98"]
[Result "0-1"]
[WhiteElo "2651"]
[BlackElo "2630"]
[TimeControl "180+2"]
[EndTime "14:47:08 PST"]
[Termination "kleinebeer98 won by resignation"]

1. Nf3 Nf6 2. b3 b6 3. Bb2 Bb7 4.
e3 c5 5. Be2 Nc6 6. O-O g6 7.
c4 Bg7 8. d4 cxd4 9. Nxd4 Nxd4 10. Qxd4 O-O 11. Nc3 d5 12. Nxd5 Ne8 13. Qh4 Bxb2 14. Nxe7+ Kh8 15. Rad1 Bf6 16. Qh3 Qxe7 17. Rd7 Bc8 0-1

[Event "*** Titled Tuesday Blitz"]
[Site "Chess.com"]
[Date "2018.11.06"]
[Round "8"]
[White "lucasmito"]
[Black "PelinGorki"]
[Result "1-0"]
[WhiteElo "2498"]
[BlackElo "2614"]
[TimeControl "180+2"]
[EndTime "14:47:23 PST"]
[Termination "lucasmito won by resignation"]

1. e4 c5 2. Nf3 d6 3. d4 cxd4 4. Nxd4 Nf6 5. Nc3 Bd7 6. Bg5 e6 7. Qd2 Be7 8. O-O-O Qb6 9. Ndb5 O-O 10. Nxd6 Bxd6 11.
Bxf6 gxf6 12. Qxd6 Qxf2 13. Be2 Bc6 14. Rd3 Nd7 15. Rh3 Rfd8 16. Qd2 Qc5 17. Kb1 Qf8 18. Qf4 a6 19. Rd1 b5 20. Rg3+ Kh8 21. Rxd7 1-0

[Event "*** Titled Tuesday Blitz"]
[Site "Chess.com"]
[Date "2018.11.06"]
[Round "8"]
[White "sergeikim"]
[Black "2165149677570"]
[Result "1-0"]
[WhiteElo "2470"]
[BlackElo "2391"]
[TimeControl "180+2"]
[EndTime "14:47:41 PST"]
[Termination "sergeikim won by resignation"]

1. d4 Nf6 2. c4 e6 3. Nc3 Bb4 4. Qc2 O-O 5. a3 Bxc3+ 6. Qxc3 b6 7. Nf3 Bb7 8. g3 c5 9. dxc5 bxc5 10. Bg2 d5 11. cxd5 Nxd5 12. Qxc5 Na6 13. Qd4 Rc8 14. O-O Nc5 15. Qh4 Nb3 16. Rb1 Ba6 17. Re1 Qxh4 18. Nxh4 Rc2 19. e4 Nb6 20. Be3 Nc4 21. Bf1 Ncd2 22.
Bxa6 Nxb1 23. Rxb1 Rd8 24. Nf3 Rd6 25. Bb5 Nc5 26.
Ne1 Re2 27. Bxe2 1-0

[Event "*** Titled Tuesday Blitz"]
[Site "Chess.com"]
[Date "2018.11.06"]
[Round "8"]
[White "Supernotar"]
[Black "florianschwabeneder"]
[Result "1-0"]
[WhiteElo "2382"]
[BlackElo "2458"]
[TimeControl "180+2"]
[EndTime "14:47:46 PST"]
[Termination "Supernotar won by resignation"]

1. d4 d6 2. c4 Nf6 3. Nc3 e5 4.
Nf3 Nbd7 5. e4 Be7 6. g3 c6 7.
Bg2 Qc7 8. O-O Nf8 9. h3 Ng6 10. Be3 Bd7 11. dxe5 dxe5 12. a3 Qc8 13. Kh2 h5 14. Bg5 h4 15. Nxh4 Nxh4 16. gxh4 Be6 17.
Qe2 Nh5 18. Qf3 Bxg5 19. hxg5 Nf4 20. Rh1 Bxc4 21. Kg1 Qe6 22. Rd1 Be2 23. Nxe2 Ng6 24. Qf5 Qb3 25. Qd7+ Kf8 26. Ng3 Re8 27. Nf5 Nf4 28.
Nd6 Rb8 29. Rd5 1-0

[Event "*** Titled Tuesday Blitz"]
[Site "Chess.com"]
[Date "2018.11.06"]
[Round "8"]
[White "matiss90"]
[Black "Saitama_Hero"]
[Result "1-0"]
[WhiteElo "2420"]
[BlackElo "2340"]
[TimeControl "180+2"]
[EndTime "14:47:47 PST"]
[Termination "matiss90 won by resignation"]

1. e4 c5 2. Nf3 g6 3. d4 cxd4 4. Nxd4 Bg7 5. Nc3 Nc6 6. Be3 Nf6 7. Bc4 O-O 8. Bb3 d6 9. f3 Nd7 10. Qd2 Nb6 11. O-O-O Na5 12. h4 Nbc4 13. Qe2 Nxe3 14. Qxe3 Nxb3+ 15. axb3 Bd7 16. h5 a5 17. g4 a4 18.
bxa4 Bxa4 19. hxg6 hxg6 20. Nf5 gxf5 21. gxf5 Bc6 22.
Rdg1 Ra1+ 23. Nb1 e6 24. Rxg7+ Kxg7 25. Qh6+ 1-0

[Event "*** Titled Tuesday Blitz"]
[Site "Chess.com"]
[Date "2018.11.06"]
[Round "8"]
[White "dmosesov"]
[Black "nubair1198"]
[Result "0-1"]
[WhiteElo "2362"]
[BlackElo "2593"]
[TimeControl "180+2"]
[EndTime "14:47:59 PST"]
[Termination "nubair1198 won by resignation"]

1. e4 c6 2. d4 d5 3. e5 c5 4. dxc5 e6 5. a3 Nc6 6. Nf3 Bxc5 7. b4 Bb6 8. Bb2 f6 9. exf6 Nxf6 10. Bd3 e5 11. Bb5 O-O 12. Bxc6 bxc6 13. O-O Ng4 14.
Bxe5 Nxe5 15. Nxe5 Qf6 16. Qe2 Re8 17. Nd2 Rxe5 18. Qd3 Bf5 19. Qa6 Qg6 20. Rfe1 Bh3 21.
Qf1 Rg5 0-1

[Event "*** Titled Tuesday Blitz"]
[Site "Chess.com"]
[Date "2018.11.06"]
[Round "8"]
[White "WorldChampionBulletChess"]
[Black "Makalexa"]
[Result "0-1"]
[WhiteElo "2155"]
[BlackElo "2120"]
[TimeControl "180+2"]
[EndTime "14:48:03 PST"]
[Termination "Makalexa won by checkmate"]

1. d4 Nf6 2. c4 c5 3. Nf3 cxd4 4.
Nxd4 e5 5. Nc2 d5 6. cxd5 Nxd5 7. e3 Nc6 8. a3 Be6 9. Be2 Bd6 10. O-O O-O 11. Nd2 Bc7 12. Bf3 f5 13. e4 Nf4 14.
exf5 Bxf5 15. Ne3 Bd3 16. Re1 Nd4 17. b3 Qh4 18. Be4 Nfe2+ 19. Kh1 Rxf2 20. Nf3 Ng3+ 21. Kg1 Nde2+ 22. Kxf2 Nxe4+ 23. Kf1 Qf2# 0-1

[Event "*** Titled Tuesday Blitz"]
[Site "Chess.com"]
[Date "2018.11.06"]
[Round "8"]
[White "savinspm"]
[Black "AndrewMcStone"]
[Result "0-1"]
[WhiteElo "2075"]
[BlackElo "2139"]
[TimeControl "180+2"]
[EndTime "14:48:11 PST"]
[Termination "AndrewMcStone won by resignation"]

1. e4 e6 2. d4 d5 3. Nd2 Be7 4. e5 c5 5. c3 Nc6 6. f4 cxd4 7.
cxd4 Nxd4 8. Ngf3 Nxf3+ 9. Nxf3 Bb4+ 10. Bd2 Qa5 11. a3 Bxd2+ 12. Qxd2 Qxd2+ 13. Kxd2 Ne7 14. Rc1 Bd7 15. Rc7 Bc6 16. Nd4 Kd8 17. Nxc6+ Kxc7 18. Nxe7 Kd7 19. Nxd5 exd5 20. Bb5+ Ke6 21. Re1 h5 22. Bd3 g6 23. g3 Rac8 24. Re2 Rc6 25. h3 Rb6 26. b4 Rc6 27. g4 hxg4 28. hxg4 Rh1 29. f5+ gxf5 30. gxf5+ Ke7 31. Bb5 Rcc1 32. Bd3 Rhd1+ 33. Ke3 Rc3 34. Rd2 Rxd2 35. Kxd2 Rxa3 0-1

[Event "*** Titled Tuesday Blitz"]
[Site "Chess.com"]
[Date "2018.11.06"]
[Round "8"]
[White "andrzej"]
[Black "tactics321"]
[Result "0-1"]
[WhiteElo "2247"]
[BlackElo "2397"]
[TimeControl "180+2"]
[EndTime "14:48:20 PST"]
[Termination "tactics321 won by checkmate"]

1. d4 Nf6 2. c4 b6 3. Nc3 Bb7 4. Bg5 e6 5. e4 h6 6. Bxf6 Qxf6 7.
a3 Nc6 8. Nf3 g5 9. h3 O-O-O 10.
Qd2 Bg7 11. e5 Qe7 12. Be2 d6 13. Qe3 dxe5 14. dxe5 h5 15. Rd1 Rxd1+ 16. Bxd1 g4 17. hxg4 hxg4 18. Rxh8+ Bxh8 19. Qh6 Qd8 20. Ng5 Nxe5 21.
Be2 Bxg2 22. Nb5 Qf6 23. Nxf7 Nxf7 24. Qh2 Ne5 25. Qxg2 a6 26. Qa8+ Kd7 27. Qxa6 Nf3+ 28. Bxf3 gxf3 29. Qb7 Qe5+ 30. Kf1 Qe2+ 31. Kg1 Qe1+ 32.
Kh2 Be5+ 33. Kh3 Qh1+ 34. Kg4 Qg2+ 35. Kh5 Qxf2 36. Na7 Qh2+ 37. Kg6 Qg3+ 38. Kf7 Qg7# 0-1

[Event "*** Titled Tuesday Blitz"]
[Site "Chess.com"]
[Date "2018.11.06"]
[Round "8"]
[White "EvgenyT"]
[Black "GukeshDommaraju"]
[Result "1-0"]
[WhiteElo "2927"]
[BlackElo "2671"]
[TimeControl "180+2"]
[EndTime "14:48:34 PST"]
[Termination "EvgenyT won by checkmate"]

1. c4 c6 2. Nf3 d5 3. e3 Nf6 4. Nc3 e6 5. b3 Nbd7 6. Qc2 b6 7.
d4 Bb7 8. Bd3 Bd6 9. O-O O-O 10.
Bb2 Qe7 11. Rac1 Rac8 12. Rfd1 Rfe8 13. Bf1 e5 14. cxd5 e4 15. dxc6 exf3 16. cxb7 Bxh2+ 17. Kh1 Ng4 18. bxc8=Q Qh4 19. Qxe8+ Nf8 20. Qxf7+ Kxf7 21. Qf5+ Ke7 22. Nd5+ Kd6 23. Ba3# 1-0

[Event "*** Titled Tuesday Blitz"]
[Site "Chess.com"]
[Date "2018.11.06"]
[Round "8"]
[White "biostatistician"]
[Black "Quiet_Desperation"]
[Result "1-0"]
[WhiteElo "2642"]
[BlackElo "2342"]
[TimeControl "180+2"]
[EndTime "14:48:46 PST"]
[Termination "biostatistician won by resignation"]

1. d4 Nf6 2. Nf3 e6 3. c4 Bb4+ 4. Nbd2 b6 5. a3 Bxd2+ 6. Bxd2 h6 7. Bf4 Bb7 8. e3 O-O 9. h3 d6 10. Be2 Nbd7 11. Bh2 a5 12. b4 Qe7 13. O-O Ne4 14.
Qc2 f5 15. Rfc1 a4 16. Rab1 Ng5 17. Qd1 Be4 18. Rb2 Nxf3+ 19. Bxf3 Nf6 20. Be2 Bb7 21. c5 Bd5 22. cxd6 cxd6 23. Bb5 Nh7 24. Bc6 Bb3 25. Rxb3 axb3 26. Bxa8 Rxa8 27. Qxb3 Ng5 28. Rc6 Qb7 29. Rxd6 Rc8 30. Bf4 Nxh3+ 31. Kh2 Nxf2 32. Qxe6+ Kh8 33. Rxb6 Ng4+ 34. Kg3 Qa8 35. Qxf5 Nf6 36. Qxc8+ Qxc8 37. Rb8 Nh5+ 38. Kf3 Qxb8 39. Bxb8 1-0

[Event "*** Titled Tuesday Blitz"]
[Site "Chess.com"]
[Date "2018.11.06"]
[Round "8"]
[White "DiogenesSinopeus"]
[Black "kharov2001"]
[Result "1-0"]
[WhiteElo "2399"]
[BlackElo "2210"]
[TimeControl "180+2"]
[EndTime "14:48:51 PST"]
[Termination "DiogenesSinopeus won by resignation"]

1. d4 Nf6 2. c4 e6 3. Nc3 Bb4 4. e3 b6 5. Ne2 Ne4 6. Qc2 Bb7 7. a3 Bxc3+ 8. Nxc3 Nxc3 9. Qxc3 O-O 10. b4 d6 11. Bb2 Nd7 12. c5 Nf6 13. c6 Bc8 14. Bd3 a6 15. O-O d5 16. f4 Ne4 17.
Bxe4 dxe4 18. f5 exf5 19. d5 Qf6 20. Qxf6 gxf6 21. Bxf6 h6 22. Be5 Rd8 23. Rfd1 Ra7 24. Bf4 Kh7 25. Rac1 Kg6 26. Kf2 Kh7 27. a4 b5 28. a5 f6 29. Rc5 Rg8 30. g3 Rg7 31. d6 cxd6 32. Rxd6 Rgf7 33. Rd8 Be6 34. c7 1-0

[Event "*** Titled Tuesday Blitz"]
[Site "Chess.com"]
[Date "2018.11.06"]
[Round "8"]
[White "Chessialist"]
[Black "Bauxi435"]
[Result "1-0"]
[WhiteElo "2551"]
[BlackElo "2442"]
[TimeControl "180+2"]
[EndTime "14:48:57 PST"]
[Termination "Chessialist won by resignation"]

1. e4 c5 2. Nf3 e6 3. d4 cxd4 4.
Nxd4 Nf6 5. Bd3 Nc6 6. Nb3 d5 7.
Nc3 dxe4 8. Nxe4 Nxe4 9. Bxe4 Qxd1+ 10. Kxd1 Bd7 11. Be3 O-O-O 12. Ke2 e5 13. Rhd1 f5 14. Rxd7 fxe4 15. Rxd8+ Kxd8 16. Rd1+ Kc7 17. a3 Be7 18. Nd2 Rd8 19. Nxe4 Rxd1 20. Kxd1 b6 21. Kd2 Nd8 22. c4 h6 23. Kc3 Kd7 24. b4 Ke6 25. f3 Nf7 26. a4 Nd8 27. c5 bxc5 28. Nxc5+ Kd5 29. Ne4 a6 30. Kb3 Nc6 31. Nc3+ Ke6 32. b5 axb5 33. axb5 Na5+ 34. Ka4 Nb7 35. b6 Kd7 36. Kb5 Nd6+ 37. Ka6 Kc6 38. g4 Bh4 39. Ne4 Nb7 40. Nc5 Nxc5+ 41.
Bxc5 Bd8 42. b7 Bc7 43. Bf8 e4 44.
fxe4 Bxh2 45. Bxg7 Kd7 46. e5 Ke6 47. b8=Q 1-0

[Event "*** Titled Tuesday Blitz"]
[Site "Chess.com"]
[Date "2018.11.06"]
[Round "8"]
[White "colegiodemadrid"]
[Black "Jenia84"]
[Result "1-0"]
[WhiteElo "2241"]
[BlackElo "2250"]
[TimeControl "180+2"]
[EndTime "14:48:59 PST"]
[Termination "colegiodemadrid won by checkmate"]

1. e4 c5 2. Nf3 Nc6 3. d4 cxd4 4.
Nxd4 e5 5. Nb5 d6 6. c4 Be7 7.
Bd3 a6 8. N5c3 Be6 9. O-O Bg5 10. Nd5 Bxc1 11. Qxc1 Bxd5 12. cxd5 Nd4 13. Nc3 Ne7 14. Ne2 Nxe2+ 15. Bxe2 O-O 16. Qe3 f5 17. f3 Qa5 18.
a3 Rac8 19. Rac1 h6 20. Rxc8 Rxc8 21. Rc1 Rxc1+ 22. Qxc1 Qb6+ 23. Kf1 fxe4 24. fxe4 Kh7 25. Qc3 Ng6 26. Bg4 Ne7 27. g3 g6 28. Qf3 Kg7 29. Be6 Qb5+ 30. Kg1 Qe8 31. a4 h5 32.
Qb3 b5 33. axb5 axb5 34. Qb4 Qb8 35. Kg2 Qb6 36. Qa3 Ng8 37. Qa8 Nf6 38. h4 Nxe4 39. Qg8+ Kf6 40. Qf8# 1-0

[Event "*** Titled Tuesday Blitz"]
[Site "Chess.com"]
[Date "2018.11.06"]
[Round "8"]
[White "FMJoseHerrera"]
[Black "BIG_Pirate"]
[Result "1-0"]
[WhiteElo "2517"]
[BlackElo "2404"]
[TimeControl "180+2"]
[EndTime "14:49:07 PST"]
[Termination "FMJoseHerrera won by resignation"]

1. Nf3 d5 2. g3 Nf6 3. Bg2 Bf5 4. O-O e6 5. d3 h6 6. c3 c6 7. Qb3 Qb6 8. Be3 Qxb3 9. axb3 a6 10. b4 Nbd7 11.
Nbd2 Bd6 12. Nb3 O-O 13. Na5 Rab8 14. Ba7 Ra8 15. Nxb7 Bxb4 16. Rxa6 Nc5 17. Bxc5 Rxa6 18. Bxb4 Rb8 19. Nc5 Ra2 20. Nd4 Rxb2 21. Nxc6 Ra8 22. e4 dxe4 23. dxe4 Bg4 24. Ne7+ Kh7 25. e5 Nd5 26.
Nxd5 exd5 27. Bxd5 Rd8 28. Be4+ g6 29. Nd3 Re2 30. f3 Bh3 31. Ra1 Rxe4 32. Nf2 Rxb4 33. cxb4 Be6 34. Rb1 Bf5 35. Ne4 Bxe4 36. fxe4 Kg7 37. b5 Kf8 38. b6 Ke7 39. Kf2 Ke6 40.
Rb5 Rb8 41. b7 Kd7 42. Ke3 Kc7 43. Kf4 Rxb7 44. Rxb7+ Kxb7 45. e6 1-0